 Dungeon Crawl Stone Soup version 0.31-a0-161-gb58dd9be76 (webtiles) character file.

Game seed: 13237354345302290687

64 pokeman the Magician (level 3, -2/20 HPs)
             Began as a Deep Elf Hedge Wizard on June 12, 2023.
             Slain by a black bear (3 damage)
             ... on level 4 of the Dungeon.
             The game lasted 00:02:37 (1994 turns).

pokeman the Magician (Deep Elf Hedge Wizard)        Turns: 1994, Time: 00:02:38

Health: -2/20      AC:  2    Str:  7    XL:     3   Next: 91%
Magic:  1/11       EV: 12    Int: 20    God:
Gold:   94         SH:  0    Dex: 14    Spells: 4/12 levels left

rFire   . . .        a - +0 dagger
rCold   . . .        (no shield)
rNeg    . . .        b - +0 robe
rPois   .            c - +0 hat
rElec   .            (no cloak)
rCorr   .            (no gloves)
SInv    .            (no boots)
Will    .....        (no amulet)
Stlth   ++           (no ring)
HPRegen 0.23/turn    (no ring)
MPRegen 0.12/turn

%: no passive effects
@: no status effects
A: no striking features
a: no special abilities


You were on level 4 of the Dungeon.
You visited 1 branch of the dungeon, and saw 3 of its levels.

You collected 94 gold pieces.

Inventory:

Hand Weapons
 a - a +0 dagger (weapon)
Missiles
 j - 3 curare-tipped darts
Armour
 b - a +0 robe (worn)
 c - a +0 hat (worn)
Jewellery
 f - a ring of poison resistance
Scrolls
 e - a scroll of identify {unknown}
 h - a scroll of amnesia {unknown}
 k - a scroll of immolation {unknown}
Potions
 d - a potion of magic
 g - a potion of brilliance {unknown}
 i - a potion of curing {unknown}


   Skills:
 - Level 1.0 Fighting
 - Level 1.0 Armour
 + Level 2.5 Dodging
 + Level 2.5 Stealth
 * Level 5.4 Spellcasting
 + Level 2.0 Conjurations
 - Level 1.1 Summonings
 - Level 1.1 Translocations


You had 4 spell levels left.
You knew the following spells:

 Your Spells              Type           Power      Damage    Failure   Level
a - Magic Dart            Conj           52%        1d5       4%          1
b - Mephitic Cloud        Conj/Pois/Air  8%         N/A       26%         3
c - Call Imp              Summ           18%        N/A       11%         2
d - Blink                 Tloc           18%        N/A       11%         2

Your spell library contained the following spells:

 Spells                   Type           Power      Damage    Failure   Level
 Slow                     Hex            20%        N/A       11%         1
 Cigotuvi's Dreadful Rot  Necr/Pois/Air  10%        N/A       17%         2


Dungeon Overview and Level Annotations

Branches:
Dungeon (2/15)

Altars:


Message History

The black bear claws your cerulean imp.
The black bear closely misses your cerulean imp.
Unknown command.
Your cerulean imp barely misses the black bear.
The black bear bites your cerulean imp!
Your cerulean imp dies!
Your cerulean imp disappears in a puff of smoke!
Casting: Magic Dart (safe; 4% risk of failure)
Confirm with . or Enter, or press ? or * to list all spells.
The spell is extremely dangerous to miscast (26% risk of failure)!
Continue anyway?
Aiming: Mephitic Cloud (extremely dangerous; 26% risk of failure)
Press: ? - help, Shift-Dir - straight line, f - black bear
Aim: a black bear (lightly wounded, chance to affect: 72%)
The ball explodes into a vile cloud!
The stinking cloud engulfs the black bear but does no damage.
The black bear is lightly wounded.
The black bear is engulfed in noxious fumes.
Unknown command.
The black bear is engulfed in noxious fumes.
The black bear appears confused.
The black bear bites itself!
The black bear claws itself. x2
You catch the helpless black bear completely off-guard!
You hit the black bear.
The black bear is almost dead.
The black bear is engulfed in noxious fumes.
The black bear barely misses you. The black bear claws you. x2
You completely miss the black bear.
The black bear is almost dead.
The black bear bites you!
* * * LOW HITPOINT WARNING * * *
The black bear barely misses you.
The black bear claws you but does no damage.
Unknown command.
Casting: Mephitic Cloud (extremely dangerous; 26% risk of failure)
Confirm with . or Enter, or press ? or * to list all spells.
A tiny devil pulls itself out of the air.
The black bear barely misses you. The black bear claws you.
* * * LOW HITPOINT WARNING * * *
The black bear claws you.
You die...

.........#...#
#..........)#
######....#†#
#....#.##
#....#..##
##....##..####
#.......5....#
#.....###.##.#
#.....# #@##.#
#.....#
#h##.#####
#.....#
#.##.....#
#.#####
#.######.# #.#
#)# #.#
#####.#### #.#
#........# #.#
#.......g# #.#
#......[.....


You could see a black bear (confused, ally target) and a friendly cerulean imp
(summoned).

Vanquished Creatures
  A gnoll (D:1)
  An adder (D:2)
  An ufetubus (D:4)
  A dart slug (D:1)
  A worm (D:2)
  2 endoplasms
  A giant cockroach (D:1)
  6 goblins
  3 hobgoblins (D:1)
  4 quokkas
  5 ball pythons
  3 bats (D:1)
  A frilled lizard (D:1)
  6 kobolds
  A rat (D:2)
37 creatures vanquished.

Notes
Turn   | Place    | Note
-------+----------+-------------------------------------------
     0 | D:1      | pokeman the Deep Elf Hedge Wizard began the quest for the
                  | Orb.
     0 | D:1      | Reached XP level 1. HP: 10/10 MP: 7/7
   307 | D:1      | Reached XP level 2. HP: 16/16 MP: 5/9
   548 | D:1      | Reached skill level 5 in Spellcasting
  1315 | D:2      | Reached XP level 3. HP: 20/20 MP: 3/11
  1322 | D:2      | Learned a level 3 spell: Mephitic Cloud
  1325 | D:2      | Learned a level 2 spell: Call Imp
  1328 | D:2      | Learned a level 2 spell: Blink
  1655 | D:2      | Reached skill level 1 in Fighting
  1655 | D:2      | Reached skill level 1 in Armour
  1841 | D:2      | You fall into a shaft and drop 2 floors!
  1945 | D:4      | Noticed a scorpion
  1973 | D:4      | Noticed a black bear
  1994 | D:4      | HP: 1/20 [black bear (3)]
  1994 | D:4      | Slain by a black bear

Illustrated notes

Levels and vault maps discovered:
D:1:      kilobyte_arrival_exit_the_forest, layout_loops_ring,
          minmay_split_cup_small
D:2:      layout_basic
D:4:      layout_basic

Skill      XL: |  1  2  3 |
---------------+----------+-----
Spellcasting   | 5 |  5.4
Fighting       | 1 |  1.0
Armour         | 1 |  1.0
Conjurations   | 2 |  2.0
Dodging        | |  2.5
Stealth        | |  2.5
Summonings     | |  1.1
Translocations | |  1.1

Action                     || total
---------------------------++-------
  Melee: Dagger            ||     5
   Cast: Magic Dart        ||   102
         Call Imp          ||     2
         Mephitic Cloud    ||     1
   Stab: Confused          ||     1
 Armour: Robe              ||     2
  Dodge: Dodged            ||    18

Table legend: (Time is in decaauts)
 A = Elapsed time spent in this place.
 B = Non-inter-level travel time spent in this place.
 C = Inter-level travel time spent in this place.
 D = Time resting spent in this place.
 E = Time spent auto-exploring this place.
 F = Levels seen in this place.
 G = Mean time per level.
                   A        B        C        D        E       F      G
               +--------+--------+--------+--------+--------+-----+--------+
         Total |   1997 |   1979 |     18 |      0 |   1750 |   3 |  665.7 |
       Dungeon |   1997 |   1979 |     18 |      0 |   1750 |   3 |  665.7 |
               +--------+--------+--------+--------+--------+-----+--------+

Top non-repeatable levels by time:
     D:1: 1309 daAuts
     D:2: 534 daAuts
     D:4: 152 daAuts
